 Dungeon Crawl Stone Soup version 0.25-a0-1133-g93ebf739aa (webtiles) character file.

Game seed: 2646307443917768216, levelgen mode: deterministic

169987 Flugslaktarn the Severer (level 17, -10/162 HPs)
             Began as a Deep Dwarf Fighter on May 20, 2020.
             Was the Champion of Makhleb.
             Mangled by a merfolk
             ... wielding a +0 trident
              (13 damage)
             ... on level 4 of the Shoals.
             The game lasted 00:14:09 (17319 turns).

Flugslaktarn the Severer (Deep Dwarf Fighter)      Turns: 17319, Time: 00:14:10

Health: -10/162    AC: 26    Str: 26    XL:     17   Next: 11%
Magic:  6/6        EV: 20    Int: 12    God:    Makhleb [******]
Gold:   865        SH: 20    Dex: 10    Spells: 16/16 levels left

rFire    . . .     SeeInvis .   O - +7 war axe (elec)
rCold    . . .     Gourm    .   R - +0 tower shield
rNeg     + . .     Faith    .   E - +0 plate armour
rPois    .         Spirit   .   A - +2 helmet
rElec    +         Reflect  .   p - +1 cloak
rCorr    .         Harm     .   K - +0 pair of gloves
MR       ++...                  l - +0 pair of boots
Stlth    ..........             F - amulet of the Air {Inacc +Fly rElec EV+5 RMsl}
HPRegen  0.00/turn              I - +4 ring of evasion
MPRegen  0.10/turn              v - +4 ring of evasion

@: non-regenerating, repel missiles, very slow
A: damage resistance, heal wounds, clever 1, clumsy 1, negative energy
resistance 1, sense surroundings 2, wild magic 1, evolution 1, no regeneration
}: 1/15 runes: serpentine
a: Heal Wounds, Minor Destruction, Lesser Servant of Makhleb, Major Destruction,
Greater Servant of Makhleb, Renounce Religion, Evoke Flight


You were on level 4 of the Shoals.
You worshipped Makhleb.
Makhleb was exalted by your worship.
You were not hungry.

You visited 5 branches of the dungeon, and saw 28 of its levels.
You also visited: Ice Cave.

You collected 1565 gold pieces.
You spent 700 gold pieces at shops.

Inventory:

Hand Weapons
 O - a +7 war axe of electrocution (weapon)
   (You took it off a wight on level 13 of the Dungeon)
Missiles
 a - 4 throwing nets (quivered)
Armour
 l - a +0 pair of boots (worn)
   (You found it on level 9 of the Dungeon)
 p - a +1 cloak (worn)
   (You found it on level 4 of the Dungeon)
 A - a +2 helmet (worn)
   (You found it on level 4 of the Shoals)
 E - a +0 plate armour (worn)
   (You took it off an orc warrior on level 9 of the Dungeon)
 K - a +0 pair of gloves (worn)
   (You found it on level 3 of the Snake Pit)
 L - a +2 kite shield
   (You found it on level 12 of the Dungeon)
 R - a +0 tower shield (worn)
   (You took it off Louise on level 3 of the Shoals)
Jewellery
 c - an uncursed ring of protection from cold
   (You found it on level 1 of the Lair of Beasts)
 o - an uncursed ring of poison resistance
   (You found it on level 14 of the Dungeon)
 v - a +4 ring of evasion (right hand)
   (You found it on level 1 of the Lair of Beasts)
 F - the amulet of the Air (around neck) {Inacc +Fly rElec EV+5 RMsl}
   (You found it on level 2 of the Lair of Beasts)

   [amulet of inaccuracy]

   It reduces the accuracy of all your attacks.
   It affects your evasion (+5).
   It insulates you from electricity.
   It lets you fly.
   It protects you from missiles.
 I - a +4 ring of evasion (left hand)
   (You found it on level 3 of the Lair of Beasts)
 P - an uncursed amulet of reflection
   (You found it on level 10 of the Dungeon)
Wands
 u - a wand of paralysis (16)
   (You found it on level 10 of the Dungeon)
 B - a wand of acid (15)
   (You found it on level 1 of the Lair of Beasts)
 C - a wand of iceblast (29)
   (You took it off Maurice on level 12 of the Dungeon)
 D - a wand of digging (2)
   (You took it off Fannar on level 10 of the Dungeon)
 J - a wand of enslavement (3)
   (You found it on level 9 of the Dungeon)
Scrolls
 b - 8 scrolls of magic mapping
 r - 5 scrolls of identify
 t - 8 scrolls of teleportation
 x - 10 scrolls of remove curse
 y - 2 scrolls of fear
 z - 4 scrolls of immolation
 H - a scroll of enchant weapon
 M - 3 scrolls of enchant armour
 N - 2 scrolls of fog
Potions
 d - 5 potions of might
 f - 4 potions of flight
 g - 2 potions of ambrosia
 h - 3 potions of haste
 i - 2 potions of magic
 j - 2 potions of stabbing
 k - a potion of invisibility
 n - a potion of mutation
 q - 2 potions of curing
 s - a potion of cancellation
 w - 7 potions of heal wounds
 G - 2 potions of lignification
Miscellaneous
 Q - a tin of tremorstones (3/3)
   (You found it on level 4 of the Snake Pit)
Comestibles
 e - 32 rations
 m - 6 chunks of flesh


   Skills:
 * Level 12.7 Fighting
 - Level 18.0 Axes
 + Level 14.5 Armour
 + Level 2.9 Dodging
 + Level 14.5 Shields
 - Level 14.1 Invocations
 - Level 8.0 Evocations


You had 16 spell levels left.
You didn't know any spells.
Your spell library was empty.

Dungeon Overview and Level Annotations

Branches:
Dungeon (15/15)            Temple (1/1) D:4            Lair (4/6) D:11
 Shoals (4/4) Lair:3        Snake (4/4) Lair:2          Orc (0/2) D:9
 Vaults (0/5) D:14         Depths (0/5) D:15          IceCv (visited)

Altars:
Ashenzari
Cheibriados
Dithmenos
Elyvilon
Fedhas
Gozag
Hepliaklqana
Kikubaaqudgha
Makhleb
Nemelex Xobeh
Okawaru
Qazlal
Ru
Sif Muna
Trog
Uskayaw
Vehumet
Wu Jian
Xom
Yredelemnul
Zin
The Shining One

Shops:
D:10 [   D:12 ?[?   D:14 *

Annotations:
Lair:4 exclusion: oklob plant
Shoals:1 1 transporter
Shoals:4 3 runed translucent doors


Innate Abilities, Weirdness & Mutations

You are resistant to damage.
You can heal yourself by infusing magical energy.
You resist negative energy. (rN+)
You passively map the area around you.
You do not regenerate.
Your mind is acute. (Int +2)
You are clumsy. (Dex -2)
Your spells are a little harder to cast, but a little more powerful.
You evolve.


Message History

The water nymph touches you.
* * * LOW HITPOINT WARNING * * *
The water nymph drowns you!
* * * LOW HITPOINT WARNING * * *
You closely miss the water nymph.
The water nymph is severely wounded.
The water nymph gestures at you while chanting.
The water swirls and strikes you!!
* * * LOW HITPOINT WARNING * * *
Your unstable footing causes you to fumble your attack.
You feel much better.
The water nymph gestures at you while chanting.
The water swirls and strikes you.
* * * LOW HITPOINT WARNING * * *
You feel much better.
The water nymph points at you and mumbles some strange words.
The water swirls and strikes you!!
* * * LOW HITPOINT WARNING * * *
The merfolk hits you with a +0 trident!
You die...

≈ ################ ≈ ≈ ≈ ≈ ≈
≈≈≈≈≈≈≈≈≈≈≈≈≈≈≈≈≈ ≈ ≈
≈≈≈≈≈≈≈≈≈≈≈≈≈≈≈≈≈≈≈ ≈≈ ≈≈≈
≈≈≈≈≈≈≈≈≈≈≈≈≈≈≈≈≈≈≈≈ ≈ ≈
≈≈≈≈≈≈≈≈≈≈≈≈≈≈≈≈ ≈
≈≈######..≈≈≈≈≈≈≈≈≈≈≈ ≈ ≈
#≈≈≈..#.≈≈≈≈≈≈≈≈≈≈≈≈ ≈ ≈
#≈#m≈≈≈≈≈≈≈≈≈≈ ≈≈
≈≈#≈≈≈#@#≈≈≈≈≈≈≈≈≈≈≈ ≈
≈.≈≈≈≈≈m.#.≈≈≈≈≈≈≈≈≈ ≈
≈.≈##≈≈..#≈≈)≈≈≈≈≈≈≈ ≈ ≈ ≈≈
≈$≈ #≈#..#≈≈≈≈≈≈≈≈≈≈ ≈ ≈ ≈
≈≈≈≈ * .≈≈..≈#(≈≈≈≈≈≈≈≈≈≈
≈≈≈≈≈..## #≈...≈##≈≈≈≈≈≈≈≈≈≈≈
≈
≈≈≈≈..≈.##≈≈≈≈≈##≈≈≈≈≈≈≈≈≈≈≈≈
≈
≈≈≈≈.....#######≈≈≈≈≈≈≈≈≈≈≈≈≈
≈
≈≈≈≈≈......≈...≈≈≈≈≈≈≈≈≈≈≈≈≈≈
≈


You could see a merfolk and a water nymph.

Vanquished Creatures
  Gastronok (Lair:3)
  A frost giant (IceCv)
  7 nagarajas (Snake:4)
  Louise (Shoals:3)
  A merfolk javelineer (Shoals:4)
  2 merfolk impalers
  A fire dragon (D:15)
  Erolcha (D:11)
  Fannar (D:10)
  4 vault guards (D:14)
  11 naga warriors
  A merfolk avatar (Shoals:4)
  A centaur warrior (D:13)
  13 anacondas
  9 two-headed ogres
  2 merfolk aquamancers (Shoals:4)
  An ogre mage (D:14)
  An alligator snapping turtle (Shoals:4)
  A tengu warrior (D:15)
  4 naga sharpshooters
  2 shock serpents
  Sonja (D:11)
  9 sea snakes
  A salamander mystic (Snake:3)
  2 unseen horrors
  A wizard (D:15)
  5 harpies (Shoals:4)
  6 naga ritualists
  6 mana vipers
  14 ugly things
  A necromancer (D:15)
  A faun (Shoals:3)
  5 manticores
  3 deep elf magi
  6 cyclopes
  12 salamanders
  4 water nymphs
  Joseph (D:7)
  7 guardian serpents
  6 elephants (Lair:2)
  4 spiny frogs (Lair:2)
  3 merfolk sirens
  12 naga magi
  27 black mambas
  A torpor snail (Lair:3)
  An ice statue (IceCv)
  2 gargoyles
  Maggie (D:6)
  A yaktaur (shapeshifter) (D:14)
  2 komodo dragons
  A rime drake (Lair:4)
  7 trolls
  13 polar bears (IceCv)
  7 merfolk
  A blink frog (Lair:3)
  Grinder (D:4)
  2 wind drakes
  11 hippogriffs
  A hornet (D:14)
  3 slime creatures (D:13)
  5 dream sheep (Lair:4)
  4 snapping turtles
  6 water elementals
  3 shadows
  2 centaur simulacra (D:15)
  2 wyverns
  Eustachio (D:6)
  4 hogs (D:7)
  A human (D:7)
  A hungry ghost (Shoals:3)
  55 yaks
  2 vampire mosquitoes (D:12)
  2 basilisks
  A harpy simulacrum (D:15)
  Edmund (D:4)
  40 nagas
  2 soldier ants
  6 porcupines
  9 water moccasins
  An acid dragon (D:14)
  A meliai simulacrum (D:15)
  A swamp drake (D:9)
  7 orc warriors
  2 sky beasts (D:6)
  8 black bears
  2 phantoms (D:8)
  15 ice beasts
  10 ogres
  6 centaurs
  7 crocodiles
  45 wolves
  Blork the orc (D:4)
  3 big kobolds
  19 bullfrogs
  A gnoll sergeant (D:13)
  A hornet simulacrum (D:15)
  5 scorpions
  3 killer bees (D:7)
  33 wights
  An electric eel (D:14)
  5 howler monkeys
  6 centaur zombies
  7 crimson imps
  2 quasits
  A bullfrog zombie (D:5)
  6 hounds
  8 jellies
  2 bullfrog skeletons
  4 orc priests
  13 orc wizards
  Natasha (twice) (D:3)
  4 centaur skeletons
  3 iguanas
  Ijyb (D:4)
  10 worker ants
  A hound zombie (D:6)
  A hound skeleton (D:6)
  A howler monkey skeleton (D:8)
  7 gnolls
  4 adders
  2 shadow imps
  2 white imps (D:15)
  16 oozes
  An adder skeleton (D:7)
  A worm (D:5)
  A dart slug (D:1)
  3 leopard geckos
  39 orcs
  2 giant cockroaches
  8 goblins
  5 hobgoblins
  6 jackals
  2 quokkas
  4 frilled lizards
  A jackal skeleton (D:7)
  18 kobolds
  A leopard gecko skeleton (D:8)
  4 rats
  6 fungi
  6 plants
793 creatures vanquished.

Vanquished Creatures (collateral kills)
  Jorgrun (Shoals:3)
  A nagaraja (Snake:4)
  Ilsuiw (Shoals:3)
  An ogre mage (D:15)
  A hydra (D:12)
  A two-headed ogre (D:15)
  2 naga sharpshooters (Snake:4)
  4 sea snakes (Snake:4)
  Maurice (D:12)
  2 trolls (D:12)
  2 merfolk (Shoals:3)
  A hippogriff (D:12)
  A hungry ghost (D:12)
  2 nagas (Snake:4)
  2 bullfrogs (D:12)
  A wight (D:9)
  A bullfrog zombie (D:12)
  An orc priest (D:12)
  An orc wizard (D:12)
  An orc (D:9)
28 creatures vanquished.

Vanquished Creatures (others)
  Nessos (D:15)
  A naga mage (Snake:1)
  An ogre (D:12)
  10 fungi
  A plant (Shoals:2)
14 creatures vanquished.

Grand Total: 835 creatures vanquished

Notes
Turn   | Place    | Note
-------+----------+-------------------------------------------
     0 | D:1      | Flugslaktarn the Deep Dwarf Fighter began the quest for the
                  | Orb.
     0 | D:1      | Reached XP level 1. HP: 20/20 MP: 1/1
    86 | D:1      | Reached XP level 2. HP: 18/27 MP: 2/2
   526 | D:1      | Reached skill level 3 in Axes
   530 | D:1      | Reached XP level 3. HP: 33/33 MP: 3/3
   579 | D:3      | Noticed Natasha
   592 | D:3      | Killed Natasha
   619 | D:3      | Noticed Natasha
   629 | D:3      | Killed Natasha
   629 | D:3      | Reached XP level 4. HP: 39/42 MP: 4/4
   676 | D:3      | Found a white marble altar of Elyvilon.
   755 | D:4      | Noticed Blork the orc
   769 | D:4      | Killed Blork the orc
   769 | D:4      | Reached skill level 4 in Axes
   769 | D:4      | Reached XP level 5. HP: 42/49 MP: 5/5
   773 | D:4      | Found an ornate altar of the Wu Jian Council.
   801 | D:4      | Noticed Grinder
   812 | D:4      | Paralysed by Grinder for 6 turns
   834 | D:4      | Killed Grinder
   834 | D:4      | Reached skill level 5 in Axes
   834 | D:4      | Reached XP level 6. HP: 42/57 MP: 6/6
   850 | D:4      | Noticed Ijyb
   889 | D:4      | Killed Ijyb
  1061 | D:4      | Reached XP level 7. HP: 35/64 MP: 7/7
  1071 | D:4      | Reached skill level 5 in Shields
  1073 | D:4      | Found a sacrificial altar of Ru.
  1170 | D:4      | Reached skill level 5 in Armour
  1237 | D:4      | Found a sparkling altar of Nemelex Xobeh.
  1237 | D:4      | Found a snail-covered altar of Cheibriados.
  1258 | D:4      | Found a staircase to the Ecumenical Temple.
  1471 | D:4      | Noticed Edmund
  1484 | D:4      | Killed Edmund
  1484 | D:4      | Reached skill level 6 in Axes
  1531 | Temple   | Entered the Ecumenical Temple
  1655 | D:5      | Entered Level 5 of the Dungeon
  2024 | D:5      | Reached XP level 8. HP: 53/73 MP: 7/7
  2045 | D:5      | Reached skill level 7 in Axes
  2188 | D:5      | Found a shimmering blue altar of Sif Muna.
  2555 | D:6      | Reached skill level 5 in Fighting
  2559 | D:6      | Noticed Eustachio
  2576 | D:6      | Killed Eustachio
  2577 | D:6      | Reached skill level 8 in Axes
  2627 | D:6      | Found a sparkling altar of Nemelex Xobeh.
  2850 | D:6      | Noticed Maggie
  2890 | D:6      | Killed Maggie
  2980 | D:6      | Found an opulent altar of Gozag.
  2981 | D:6      | Found a glowing silver altar of Zin.
  3022 | D:6      | Gained mutation: You passively map the area around you.
                  | [Deep Dwarf growth]
  3022 | D:6      | Reached XP level 9. HP: 64/81 MP: 7/7
  3431 | D:7      | Noticed Joseph
  3476 | D:7      | Reached skill level 9 in Axes
  3538 | D:7      | Killed Joseph
  3671 | D:7      | Reached skill level 10 in Axes
  3747 | D:7      | Found a blossoming altar of Fedhas.
  3749 | D:7      | Noticed a +0 hand axe
  3750 | D:7      | Found a hide-covered altar of Uskayaw.
  3750 | D:7      | Noticed a +0 hand axe
  3830 | D:7      | Found a shattered altar of Ashenzari.
  3853 | D:7      | Found a sparkling altar of Nemelex Xobeh.
  4015 | D:7      | Reached XP level 10. HP: 70/92 MP: 5/5
  4383 | D:8      | Reached skill level 11 in Axes
  4499 | D:8      | Found a burning altar of Makhleb.
  4499 | D:8      | Noticed a cacodemon
  4572 | D:8      | Noticed an orange demon
  4574 | D:8      | Became a worshipper of Makhleb the Destroyer
  4753 | D:9      | Found a staircase to the Orcish Mines.
  4772 | D:9      | Reached skill level 1 in Invocations
  5023 | D:9      | Reached * piety under Makhleb
  5045 | D:9      | Found a bloodstained altar of Trog.
  5390 | D:9      | Reached XP level 11. HP: 81/100 MP: 4/4
  5804 | D:10     | Entered Level 10 of the Dungeon
  5835 | D:10     | Reached ** piety under Makhleb
  5835 | D:10     | Reached skill level 12 in Axes
  5986 | D:10     | Found Nyah's Antique Armour Boutique.
  5987 | D:10     | Noticed Fannar
  6044 | D:10     | Killed Fannar
  6052 | D:10     | Bought a pair of shimmering gloves for 266 gold pieces
  6057 | D:10     | Identified the cursed -3 pair of gloves of the Farmer
                  | {+Blink rElec Regen+ Str-3} (You bought it in a shop on
                  | level 10 of the Dungeon)
  6744 | D:11     | Reached skill level 5 in Invocations
  6786 | D:11     | Found a staircase to the Lair.
  6966 | D:11     | Noticed Sonja
  6973 | D:11     | Killed Sonja
  6983 | D:11     | Reached *** piety under Makhleb
  7028 | D:11     | Noticed Erolcha
  7028 | D:11     | Paralysed by Erolcha for 5 turns
  7061 | D:11     | Paralysed by Erolcha for 4 turns
  7082 | D:11     | Killed Erolcha
  7340 | Lair:1   | Entered Level 1 of the Lair of Beasts
  7513 | Lair:1   | Reached skill level 13 in Axes
  7569 | Lair:1   | Reached skill level 10 in Shields
  7569 | Lair:1   | Reached XP level 12. HP: 112/112 MP: 2/2
  7747 | Lair:1   | Reached skill level 10 in Armour
  8493 | Lair:2   | Found the amulet of the Air {Inacc +Fly rElec EV+5 RMsl}
  8656 | Lair:2   | Found a staircase to the Snake Pit.
  8678 | Lair:2   | Reached **** piety under Makhleb
  9150 | Lair:3   | Noticed Gastronok
  9297 | Lair:3   | Found a staircase to the Shoals.
  9311 | Lair:3   | Reached skill level 14 in Axes
  9482 | Lair:3   | Found a sacrificial altar of Ru.
  9731 | Lair:3   | Killed Gastronok
  9731 | Lair:3   | Reached XP level 13. HP: 79/121 MP: 4/4
 10315 | Lair:4   | Reached ***** piety under Makhleb
 11006 | D:12     | Found Edagg's Magic Scroll Shoppe.
 11048 | D:12     | Bought a scroll of brand weapon for 280 gold pieces
 11048 | D:12     | Bought a scroll of magic mapping for 49 gold pieces
 11085 | D:12     | Noticed Maurice
 11118 | D:12     | Killed Maurice
 11127 | D:12     | Found Cetuff's Armour Shoppe.
 11258 | D:12     | Found Jideuq's Magic Scroll Emporium.
 11265 | D:12     | Bought a scroll of enchant armour for 105 gold pieces
 11501 | D:13     | Reached skill level 15 in Axes
 11735 | D:13     | Gained mutation: You are resistant to hostile enchantments.
                  | (MR+) [potion of mutation]
 11735 | D:13     | Gained mutation: You tend to lose your temper in combat.
                  | [potion of mutation]
 11735 | D:13     | Gained mutation: You are somewhat resistant to further
                  | mutation. [potion of mutation]
 11736 | D:13     | Lost mutation: You are resistant to hostile enchantments.
                  | (MR+) [potion of mutation]
 11736 | D:13     | Lost mutation: You are somewhat resistant to further
                  | mutation. [potion of mutation]
 11736 | D:13     | Lost mutation: You tend to lose your temper in combat.
                  | [potion of mutation]
 11736 | D:13     | Gained mutation: You evolve. [potion of mutation]
 11736 | D:13     | Gained mutation: Your mind is acute. (Int +2) [potion of
                  | mutation]
 11736 | D:13     | Lost mutation: Your mind is acute. (Int +2) [potion of
                  | mutation]
 11736 | D:13     | Gained mutation: Your spells are a little harder to cast,
                  | but a little more powerful. [potion of mutation]
 12490 | D:14     | Reached skill level 10 in Fighting
 12490 | D:14     | Reached skill level 10 in Invocations
 12528 | D:14     | Found a gate to the Vaults.
 12550 | D:14     | Reached ****** piety under Makhleb
 12598 | D:14     | Gained mutation: You resist negative energy. (rN+) [Deep
                  | Dwarf growth]
 12598 | D:14     | Reached XP level 14. HP: 64/132 MP: 4/4
 12933 | D:14     | Found Ynodeph's Island Escapes.
 13234 | D:15     | Entered Level 15 of the Dungeon
 13264 | D:15     | Reached skill level 16 in Axes
 13309 | D:15     | Found a frozen archway.
 13323 | D:15     | Gained mutation: Your mind is acute. (Int +2) [evolution]
 13333 | IceCv    | Entered an ice cave
 13791 | IceCv    | Noticed a frost giant
 13821 | IceCv    | Killed a frost giant
 14297 | D:15     | Noticed Nessos
 14340 | D:15     | Killed Nessos
 14596 | D:15     | Reached XP level 15. HP: 140/140 MP: 5/5
 14824 | D:15     | Found a staircase to the Depths.
 15047 | Snake:1  | Entered Level 1 of the Snake Pit
 15111 | Snake:1  | Reached skill level 17 in Axes
 15264 | Snake:2  | Gained mutation: You are clumsy. (Dex -2) [evolution]
 15589 | Snake:3  | You fall into a shaft and drop 1 floor!
 15589 | Snake:4  | Entered Level 4 of the Snake Pit
 15637 | Snake:4  | Noticed a nagaraja
 15651 | Snake:4  | Killed a nagaraja
 15654 | Snake:4  | Noticed a nagaraja
 15654 | Snake:4  | Noticed a nagaraja
 15661 | Snake:4  | Noticed a nagaraja
 15662 | Snake:4  | Killed a nagaraja
 15690 | Snake:4  | Killed a nagaraja
 15690 | Snake:4  | Reached XP level 16. HP: 131/151 MP: 7/7
 15693 | Snake:4  | Reached skill level 18 in Axes
 15804 | Snake:4  | Got a serpentine rune of Zot
 16138 | Snake:4  | Reached skill level 1 in Evocations
 16250 | Snake:4  | Reached skill level 5 in Evocations
 16463 | Shoals:1 | Entered Level 1 of the Shoals
 16518 | Shoals:1 | Found a transporter.
 16800 | Shoals:3 | Noticed Ilsuiw
 16813 | Shoals:3 | Noticed Jorgrun
 16818 | Shoals:3 | Noticed Louise
 16830 | Shoals:3 | Killed Ilsuiw
 16833 | Shoals:3 | Killed Jorgrun
 16833 | Shoals:3 | Reached skill level 1 in Dodging
 16839 | Shoals:3 | Killed Louise
 16938 | Shoals:4 | Entered Level 4 of the Shoals
 16975 | Shoals:4 | Found a runed translucent gate.
 16976 | Shoals:4 | Found a runed translucent gate.
 16977 | Shoals:4 | Found a runed translucent gate.
 17053 | Shoals:4 | Reached XP level 17. HP: 139/162 MP: 7/7
 17316 | Shoals:4 | HP: 4/162 [water nymph/the raging water (20)]
 17319 | Shoals:4 | Mangled by a merfolk

Illustrated notes

Levels and vault maps discovered:
D:1:      dpeg_arrival_another_circle, layout_basic
D:2:      layout_rooms, uniq_robin, uniq_sigmund
D:3:      layout_basic, elyvilon_altar_4,
          chequers_ecumenical_altar_simple_redux, ebering_ghost_sewer_f,
          uniq_terence, uniq_crazy_yiuf_cottage, uniq_jessica, uniq_natasha
D:4:      layout_loops_ring, gammafunk_temple_overflow_elements,
          overflow_temple_1_default, minmay_temple_entry_offerings,
          first_ration, nicolae_ru_awakened_eye, uniq_edmund,
          uniq_blork_the_orc, uniq_grinder, uniq_ijyb
D:5:      layout_basic, lemuel_crystal_altar
D:6:      layout_gridville, grunt_temple_overflow_gold_and_silver, basic_altar,
          uniq_eustachio, uniq_maggie
D:7:      layout_loops_ring, fedhas_altar_3, dancing_weapons_uskayaw,
          kennysheep_mini, grunt_livestock, nemelex_spade_bored_becter,
          uniq_joseph
D:8:      layout_rooms, makhleb_altar_promises_db
D:9:      layout_irregular_city, trog_ov_bears_minmay, erik_orc_1
D:10:     layout_loops_ring, serial_shops, shop, uniq_fannar
D:11:     layout_basic, due_lair_maze_entry_diamond, uniq_sonja, uniq_erolcha
D:12:     layout_rooms, serial_shops, nicolae_shop_trees,
          nicolae_shop_overgrown_old_shop, nicolae_shop_trees,
          nicolae_shop_behind_doors, shop, minmay_fractal_squares_5,
          uniq_maurice
D:13:     layout_irregular_city
D:14:     layout_irregular_city, lightli_vaults_fourway_checkpoint,
          minivault_14, nicolae_island_escapes
D:15:     grunt_enter_depths_magical_seal, layout_cave_pools, serial_ice,
          serial_ice_i, serial_ice_g, serial_ice_f, serial_ice_e,
          portal_ice_cave_entry_ice_beasts, hangedman_glass_teeth, uniq_nessos
Temple:   eino_wide_crystal_templ
Lair:1:   statuecave_lemuel, layout_cave_pods
Lair:2:   layout_cave_pods, guppyfry_snake_entry_island
Lair:3:   layout_loops_ring, minmay_shoals_entry_beasts, basic_altar,
          hangedman_lair_unloving_vines, grunt_forest_large_clearings,
          infiniplex_staircase_pool_2, serial_bayou_shore_b, uniq_gastronok
Lair:4:   lemuel_slime, layout_regular_city
Shoals:1: gammafunk_the_bubble [the_bubble_gammafunk_roulette], layout_shoals,
          nicolae_shoals_dead_sea_scrolls, uniq_roxanne
Shoals:2: layout_shoals
Shoals:3: layout_shoals, gammafunk_ghost_tricky_traps, nicolae_shoals_so_close,
          uniq_louise, uniq_ilsuiw, uniq_jorgrun
Shoals:4: shoals_end_hangedman, layout_shoals, ebering_ghost_davey_jones
Snake:1:  layout_basic, st_stairs_3, grunt_megastairs_3, uniq_frances,
          uniq_aizul
Snake:2:  layout_misc_corridors, serial_shops, nicolae_shop_overgrown_old_shop,
          grunt_ministairs_12, lemuel_fruit_tree, minmay_shoptagon
Snake:3:  gammafunk_sealed_library, layout_gridlike, special_room, uniq_vashnia
Snake:4:  grunt_snake_rune_pools, layout_misc_corridors

Skill      XL: |  1  2  3  4  5  6  7  8  9 10 11 12 13 14 15 16 |
---------------+-------------------------------------------------+-----
Axes           | 3 4 5 6 8 10 11 13 14 15 16 17 18 | 18.0
Fighting       | 3 4 5 6 7 8 9 10 11 12 | 12.7
Armour         | 4 5 6 7 8 9 10 11 12 13 14 | 14.5
Shields        | 4 5 6 7 9 10 11 12 13 14 | 14.5
Invocations    | 2 6 8 10 11 13 14 | 14.1
Evocations     | 8 |  8.0
Dodging        | 2 |  2.9

Action                   |  1- 3 |  4- 6 |  7- 9 | 10-12 | 13-15 | 16-18 || total
-------------------------+-------+-------+-------+-------+-------+-------++-------
Melee: War axe           |    82 |    92 |   452 |  1025 |  1429 |   644 ||  3724
       Unarmed           |       |       |    15 |       |       |       ||    15
Invok: Lesser Servant of |       |       |       |       |     5 |       ||     5
       Greater Servant o |       |       |       |       |       |     2 ||     2
 Abil: Heal Wounds       |     2 |     3 |    18 |    33 |    12 |    16 ||    84
Evoke: Wand              |       |       |       |     9 |     2 |       ||    11
  Use: Scroll            |       |       |     1 |    24 |     6 |     3 ||    34
       Potion            |       |       |     1 |     2 |     4 |     1 ||     8
 Stab: Distracted        |     1 |       |       |       |     1 |     4 ||     6
  Eat: Chunk             |       |     1 |    10 |    17 |    17 |     8 ||    53
       Ration            |       |       |       |     1 |     1 |       ||     2
Armor: Scale mail        |    20 |    43 |    81 |       |       |       ||   144
       Chain mail        |       |       |   178 |    94 |       |       ||   272
       Plate armour      |       |       |       |   580 |   517 |   165 ||  1262
Dodge: Dodged            |    25 |    16 |   120 |   369 |   572 |   312 ||  1414
       Repelled          |       |       |       |       |    11 |    35 ||    46
Block: Kite shield       |    44 |    41 |   293 |   902 |  1433 |   306 ||  3019
       Reflection        |       |       |       |     7 |    26 |       ||    33
       Tower shield      |       |       |       |       |       |   169 ||   169

Table legend:
 A = Non-vault XP
 B = Vault XP
 C = Vault XP percentage of total XP
 D = Non-vault monster count
 E = Vault monster count
 F = Vault count percentage of total count
                 A         B        C        D         E       F
            +---------+---------+-------+---------+---------+-------
      Total |  138208 |   86060 |  38.4 |     562 |     250 |  30.8
            +---------+---------+-------+---------+---------+-------
        D:1 |      42 |       0 |   0.0 |      22 |       0 |   0.0
        D:2 |       2 |       0 |   0.0 |       1 |       0 |   0.0
        D:3 |      44 |      37 |  45.7 |       6 |       1 |  14.3
        D:4 |     370 |     577 |  60.9 |      15 |       4 |  21.1
        D:5 |     750 |       0 |   0.0 |      24 |       0 |   0.0
        D:6 |     716 |     581 |  44.8 |      16 |       2 |  11.1
        D:7 |    2061 |    1443 |  41.2 |      33 |       6 |  15.4
        D:8 |    1897 |       0 |   0.0 |      30 |       0 |   0.0
        D:9 |    3153 |     797 |  20.2 |      30 |      19 |  38.8
       D:10 |    2852 |    1002 |  26.0 |      25 |       1 |   3.8
       D:11 |    1338 |    2875 |  68.2 |      10 |      12 |  54.5
       D:12 |    2746 |     911 |  24.9 |      25 |       9 |  26.5
       D:13 |    9212 |       0 |   0.0 |      42 |       0 |   0.0
       D:14 |    9225 |    5616 |  37.8 |      23 |      12 |  34.3
       D:15 |   19060 |    7124 |  27.2 |      49 |      26 |  34.7
     Lair:1 |    3921 |       0 |   0.0 |      22 |       0 |   0.0
     Lair:2 |    6013 |     476 |   7.3 |      19 |       3 |  13.6
     Lair:3 |    2822 |    6330 |  69.2 |      13 |      28 |  68.3
     Lair:4 |    4592 |     325 |   6.6 |      24 |      20 |  45.5
   Shoals:1 |    2260 |       0 |   0.0 |       5 |       0 |   0.0
   Shoals:2 |    3711 |       0 |   0.0 |       8 |       0 |   0.0
   Shoals:3 |    1510 |    5923 |  79.7 |       3 |       7 |  70.0
   Shoals:4 |    8663 |    5726 |  39.8 |      17 |       9 |  34.6
    Snake:1 |    2861 |       0 |   0.0 |       7 |       0 |   0.0
    Snake:2 |   10956 |       0 |   0.0 |      19 |       0 |   0.0
    Snake:3 |   14138 |       0 |   0.0 |      26 |       0 |   0.0
    Snake:4 |   23293 |   36976 |  61.4 |      48 |      55 |  53.4
      IceCv |       0 |    9341 | 100.0 |       0 |      36 | 100.0
            +---------+---------+-------+---------+---------+-------
